 Dungeon Crawl Stone Soup version 0.24-a0-524-gf43b32f (webtiles) character file.

Game seed: 15974792062987239096

133 pkoi the Slasher (level 5, -4/38 HPs)
             Began as a Formicid Gladiator on July 30, 2019.
             Slain by a sky beast (6 damage)
             ... on level 3 of the Dungeon.
             The game lasted 00:02:33 (2838 turns).

pkoi the Slasher (Formicid Gladiator)               Turns: 2838, Time: 00:02:33

Health: -4/38      AC:  8    Str: 19    XL:     5   Next: 40%
Magic:  5/5        EV:  9    Int:  8    God:
Gold:   157        SH:  3    Dex: 14    Spells: 4/4 levels left

rFire    . . .     SeeInvis +   a - +0 long sword
rCold    . . .     Gourm    .   u - +0 buckler
rNeg     . . .     Faith    .   h - +0 chain mail
rPois    .         Spirit   .   (helmet unavailable)
rElec    .         Reflect  .   (no cloak)
rCorr    .         Harm     .   (no gloves)
MR       .....                  (no boots)
Stlth    ..........             (no amulet)
HPRegen  0.12/turn              p - +2 ring of evasion
MPRegen  0.09/turn              i - +2 ring of dexterity

@: flying
A: permanent stasis, dig shafts and tunnels, four strong arms, antennae 3
a: Dig, Shaft Self


You were on level 3 of the Dungeon.
You were not hungry.

You visited 1 branch of the dungeon, and saw 3 of its levels.

You collected 157 gold pieces.

Inventory:

Hand Weapons
 a - a +0 long sword (weapon)
Missiles
 c - 4 throwing nets (quivered)
 n - 4 poisoned darts
Armour
 b - a +0 leather armour
 h - a +0 chain mail (worn)
 u - a +0 buckler (worn)
Jewellery
 f - a +3 ring of intelligence
 i - a +2 ring of dexterity (right hand)
 o - an uncursed ring of magical power
 p - a +2 ring of evasion (left hand)
 q - an uncursed ring of ice {unknown}
Scrolls
 e - a scroll of fear {unknown}
 j - 2 scrolls of random uselessness {unknown}
 k - 2 scrolls of remove curse
 t - 2 scrolls of identify
Potions
 g - a potion of heal wounds
 m - a potion of invisibility {unknown}
 r - a potion of agility {unknown}
Comestibles
 d - 2 rations
 s - 5 chunks of flesh


   Skills:
 + Level 2.1 Fighting
 * Level 5.7 Long Blades
 - Level 2.0 Throwing
 + Level 0.0 Armour
 - Level 2.6 Dodging
 + Level 0.0 Shields


You had 4 spell levels left.
You didn't know any spells.
Your spell library was empty.

Dungeon Overview and Level Annotations

Branches:
Dungeon (3/15)

Altars:


Innate Abilities, Weirdness & Mutations

You cannot be hasted, slowed, berserked, paralysed or teleported.
You can dig through walls and to a lower floor.
Your four strong arms can wield two-handed weapons with a shield.
You have a pair of large antennae on your head. (SInv)


Message History

The sky beast barely misses you.
You closely miss the sky beast.
The sky beast is severely wounded.
The sky beast hits you.
* * * LOW HITPOINT WARNING * * *
The sky beast shocks you.
* * * LOW HITPOINT WARNING * * *
You closely miss the sky beast.
The sky beast is severely wounded.
The sky beast hits you.
* * * LOW HITPOINT WARNING * * *
The sky beast shocks you.
* * * LOW HITPOINT WARNING * * *
Some of the chunks of flesh in your inventory have rotted away.
It was a potion of flight.
You feel very buoyant.
You fly up into the air.
The sky beast hits you.
* * * LOW HITPOINT WARNING * * *
The sky beast shocks you.
You die...

#####.#
#...
#.....#
#.#.
#.#####
#.#. #.#
##.## #.#
##.#.#
#.#
##.###.
#.###
######.##
## #...#
#...<.##
# ###@#
#.####.##
## #Y#
##.###.
#$#
##.#..
#.# ##...
#.# ####
#.# # ...
# #.# # #


You could see a sky beast.

Vanquished Creatures
  Terence (D:2)
  4 adders (D:2)
  A worm (D:3)
  A dart slug (D:3)
  3 leopard geckos
  2 orcs (D:2)
  A ball python (D:1)
  4 giant cockroaches
  7 goblins
  8 hobgoblins
  4 jackals (D:2)
  A quokka (D:2)
  11 bats
  4 frilled lizards
  4 kobolds
  2 rats (D:2)
58 creatures vanquished.

Notes
Turn   | Place    | Note
-------+----------+-------------------------------------------
     0 | D:1      | pkoi the Formicid Gladiator began the quest for the Orb.
     0 | D:1      | Reached XP level 1. HP: 16/16 MP: 1/1
   350 | D:1      | Reached XP level 2. HP: 22/22 MP: 2/2
   973 | D:1      | Reached skill level 4 in Long Blades
   973 | D:1      | Reached XP level 3. HP: 27/27 MP: 3/3
  1681 | D:2      | Reached XP level 4. HP: 31/33 MP: 4/4
  1902 | D:2      | Noticed Terence
  1920 | D:2      | Killed Terence
  1920 | D:2      | Reached skill level 5 in Long Blades
  2142 | D:2      | Reached XP level 5. HP: 34/38 MP: 5/5
  2822 | D:3      | Noticed a sky beast
  2838 | D:3      | Slain by a sky beast

Levels and vault maps discovered:
D:1:      onia_arrival_mini_maze_b, layout_loops_ring
D:2:      layout_rooms, uniq_terence
D:3:      layout_loops_ring, gammafunk_ghost_smash

Skill      XL: |  1  2  3  4 |
---------------+-------------+-----
Long Blades    | 4 5 |  5.7
Fighting       | |  2.1
Throwing       | |  2.0
Dodging        | |  2.6

Action                   |  1- 3 |  4- 6 || total
-------------------------+-------+-------++-------
Melee: Long sword        |    78 |    96 ||   174
  Use: Scroll            |     3 |       ||     3
       Potion            |       |     4 ||     4
  Eat: Chunk             |     2 |     4 ||     6
Armor: Leather armour    |    22 |     3 ||    25
       Chain mail        |       |    33 ||    33
Dodge: Dodged            |    68 |    56 ||   124
Block: Buckler           |       |     3 ||     3
       Rpst.: Long sword |    20 |    16 ||    36

Table legend:
 A = Non-vault XP
 B = Vault XP
 C = Vault XP percentage of total XP
 D = Non-vault monster count
 E = Vault monster count
 F = Vault count percentage of total count
                 A         B        C        D         E       F
            +---------+---------+-------+---------+---------+-------
      Total |     153 |      38 |  19.9 |      57 |       1 |   1.7
            +---------+---------+-------+---------+---------+-------
        D:1 |      31 |       0 |   0.0 |      18 |       0 |   0.0
        D:2 |     105 |      38 |  26.6 |      32 |       1 |   3.0
        D:3 |      17 |       0 |   0.0 |       7 |       0 |   0.0
            +---------+---------+-------+---------+---------+-------
